 Dungeon Crawl Stone Soup version 0.25.0-26-g0c896c7088 (webtiles) character file.

Game seed: 16022195167363229031

65 mortelune the Skirmisher (level 3, -7/29 HPs)
             Began as a Demonspawn Chaos Knight on July 3, 2020.
             Was a Plaything of Xom.
             Mangled by a crimson imp
             ... wielding a +1 dagger of chaos
              (13 damage)
             ... while paralysed by a crimson imp
             ... on level 3 of the Dungeon on July 4, 2020.
             The game lasted 00:03:49 (2508 turns).

mortelune the Skirmisher (Demonspawn Chaos Knight)  Turns: 2508, Time: 00:03:49

Health: -7/29      AC:  8    Str: 13    XL:     3   Next: 94%
Magic:  3/3        EV:  2    Int: 13    God:    Xom [..*...]
Gold:   237        SH:  0    Dex: 12    Spells: 2/2 levels left

rFire    . . .     SeeInvis .     - Unarmed
rCold    + . .     Gourm    .   (no shield)
rNeg     . . .     Faith    .   b - +2 leather armour
rPois    .         Spirit   .   (helmet restricted)
rElec    .         Reflect  .   (no cloak)
rCorr    .         Harm     .   m - +2 pair of gloves
MR       .....                  (no boots)
Stlth    +.........             (no amulet)
HPRegen  0.09/turn              I - ring of protection from cold
MPRegen  0.08/turn              (no ring)

@: paralysed
A: claws 1, horns 1
a: Renounce Religion


You were on level 3 of the Dungeon.
You worshipped Xom.
You were a toy of Xom.
You were not hungry.

You visited 1 branch of the dungeon, and saw 3 of its levels.

You collected 237 gold pieces.

Inventory:

Hand Weapons
 a - a +0 hand axe of chaos
Missiles
 k - 8 silver javelins (quivered)
 l - 3 javelins
Armour
 b - a +2 leather armour (worn)
 m - a +2 pair of gloves (worn)
Jewellery
 I - a ring of protection from cold (left hand)
Scrolls
 h - 2 scrolls of enchant weapon {unknown}
 i - a scroll of magic mapping {unknown}
 n - 3 scrolls of identify {unknown}
 o - a scroll of random uselessness {unknown}
 p - 3 scrolls of remove curse {unknown}
 q - a scroll of amnesia {unknown}
 t - a scroll of teleportation {unknown}
 u - a scroll of immolation {unknown}
Potions
 e - 3 potions of flight {unknown}
 f - 3 potions of curing {unknown}
 g - a potion of magic {unknown}
 j - 2 potions of heal wounds {unknown}
 r - a potion of mutation {unknown}
 s - a potion of lignification {unknown}
Comestibles
 c - 6 rations


   Skills:
 + Level 3.5 Fighting
 - Level 3.3 Axes
 + Level 2.4 Armour
 - Level 0.8 Dodging
 * Level 1.1 Unarmed Combat


You had 2 spell levels left.
You didn't know any spells.
Your spell library was empty.

Dungeon Overview and Level Annotations

Branches:
Dungeon (3/15)

Altars:
Xom


Innate Abilities, Weirdness & Mutations

You have sharp fingernails.
You have a pair of small horns on your head.


Message History

You hit the crimson imp.
The crimson imp is lightly wounded.
The crimson imp laughs crazily.
The crimson imp hits you.
The crimson imp hits you but does no damage.
The crimson imp hits you with a +1 dagger of chaos.
You suddenly lose the ability to move!
The crimson imp hits you.
* * * LOW HITPOINT WARNING * * *
The crimson imp hits you.
* * * LOW HITPOINT WARNING * * *
The crimson imp hits you but does no damage.
A crimson imp comes into view.
The crimson imp shouts!
The crimson imp hits you but does no damage.
The crimson imp blinks!
The crimson imp hits you but does no damage.
You are electrocuted!
You die...
Xom guffaws!

######.#############...
#.....+######## #...
####'####......... #...
#.5...^5#......... ####
###5_.###.........
#5^....§#'########
####+####.# ##########
#.# #5# #.........
#.####@## #.........
#..5..§5# #.........
##.......# #.........
#........# #.........
#........# #.........
#.5......# ##########
#........# # #........#
# #.....§..# #


You could see 4 crimson imps.

Vanquished Creatures
  2 adders
  A worm (D:3)
  A leopard gecko (D:3)
  4 orcs (D:3)
  7 bats
  3 giant cockroaches
  2 goblins
  2 hobgoblins
  2 quokkas
  8 frilled lizards
  2 kobolds
  9 rats
43 creatures vanquished.

Notes
Turn   | Place    | Note
-------+----------+-------------------------------------------
     0 | D:1      | mortelune the Demonspawn Chaos Knight began the quest for
                  | the Orb.
     0 | D:1      | Reached XP level 1. HP: 18/18 MP: 1/1
   290 | D:1      | XOM: silly message
   372 | D:1      | Gained mutation: You have sharp fingernails. [demonic
                  | ancestry]
   372 | D:1      | Reached XP level 2. HP: 24/24 MP: 2/2
   729 | D:2      | Found a faded altar of an unknown god.
   729 | D:2      | XOM: silly message
   732 | D:2      | Gained mutation: You have a pair of small horns on your
                  | head. [demonic ancestry]
   732 | D:2      | Reached XP level 3. HP: 29/29 MP: 3/3
  1383 | D:3      | XOM: divination: detect items
  1549 | D:3      | XOM: noise
  1990 | D:3      | XOM: 1-stop teleportation journey
  2000 | D:3      | XOM: silly message
  2001 | D:3      | Reached skill level 1 in Unarmed Combat
  2035 | D:3      | XOM: 1-stop teleportation journey
  2295 | D:3      | Found a shimmering altar of Xom.
  2490 | D:3      | XOM: cast spell 'Summon Butterflies'
  2493 | D:3      | XOM: cast spell 'Olgreb's Toxic Radiance'
  2506 | D:3      | Paralysed by a crimson imp for 6 turns
  2508 | D:3      | Mangled by a crimson imp

Illustrated notes

Levels and vault maps discovered:
D:1:      psy_arrival_conway, layout_basic
D:2:      layout_rooms, chequers_ecumenical_altar_simple_redux
D:3:      layout_basic, led_xom_imps

Skill      XL: |  1  2  3 |
---------------+----------+-----
Axes           | 3 |  3.3
Armour         | 2 |  2.4
Unarmed Combat | 1 |  1.1
Fighting       | |  3.5
Dodging        | |  0.8

Action                   || total
-------------------------++-------
Melee: Hand axe          ||    51
       Unarmed           ||   132
       Headbutt          ||    16
  Eat: Chunk             ||     5
Armor: Leather armour    ||    91
Dodge: Dodged            ||    96
